 Dungeon Crawl Stone Soup version 0.32-a0-450-g080537f31e (webtiles) character file.

Game seed: 2658410237103695032

16342 anacleto the Mimic (level 12, -16/115 HPs)
             Began as a Troll Shapeshifter on Feb 24, 2024.
             Was a Priest of Qazlal.
             Killed from afar by Frances (36 damage)
             ... with an iron shot
             ... on level 12 of the Dungeon.
             The game lasted 00:31:01 (10646 turns).

anacleto the Mimic (Troll Shapeshifter)            Turns: 10646, Time: 00:31:02

Health: -16/115    AC: 16    Str: 29    XL:     12   Next: 9%
Magic:  10/14      EV: 10    Int:  6    God:    Qazlal [***...]
Gold:   507        SH:  9    Dex:  9    Spells: 11/11 levels left

rFire   . .          .
                       - Unarmed
rCold   . . .        (no shield)
rNeg    . . .        R - +0 acid dragon scales
rPois   .            v - melded +2 hat
rElec   .            y - melded +1 cloak
rCorr   +            (gloves unavailable)
SInv    .            (boots unavailable)
Will    .....        N - amulet of reflection
Stlth   +            l - +4 ring of protection
HPRegen 1.19/turn    E - +4 ring of protection
MPRegen 0.14/turn

%: reflection
@: beast-form, studying Short Blades
A: beast (slay +4), large, unfitting armour, claws 3, regeneration 1, shaggy fur
1, tough skin 1
a: Begin Untransformation, Renounce Religion, Upheaval, Elemental Force


You were on level 12 of the Dungeon.
You worshipped Qazlal.
Qazlal was most pleased with you.
You were a hulking beast.
You visited 2 branches of the dungeon, and saw 13 of its levels.

You collected 658 gold pieces.
You spent 151 gold pieces at shops.

Inventory:

Missiles
 g - 2 atropa-tipped darts
 m - 8 boomerangs (quivered)
 w - 14 poisoned darts
 M - 3 curare-tipped darts
Armour
 v - a +2 hat (melded)
 y - a +1 cloak (melded)
 R - +0 acid dragon scales (worn)
Jewellery
 a - an amulet of the acrobat
 i - a ring of protection from fire
 l - a +4 ring of protection (left claw)
 z - a ring of fire
 B - a ring of flight
 E - a +4 ring of protection (right claw)
 N - an amulet of reflection (around neck)
 P - a +6 ring of dexterity
Talismans
 c - a beast talisman (active)
 d - a flux talisman
Wands
 u - a wand of paralysis (19)
 x - a wand of polymorph (12)
 A - a wand of flame (36)
Scrolls
 b - 2 scrolls of fear
 e - 2 scrolls of silence
 f - a scroll of fog
 j - a scroll of brand weapon {unknown}
 k - 3 scrolls of revelation
 n - 4 scrolls of immolation
 o - 2 scrolls of blinking {unknown}
 p - a scroll of vulnerability
 q - 2 scrolls of teleportation
 s - 2 scrolls of butterflies {unknown}
 I - 3 scrolls of poison {unknown}
 S - a scroll of enchant weapon {unknown}
Potions
 h - 5 potions of curing
 r - 2 potions of enlightenment
 t - 2 potions of brilliance {unknown}
 C - a potion of ambrosia {unknown}
 D - 4 potions of attraction {unknown}
 F - 2 potions of mutation {unknown}
 H - a potion of berserk rage
 J - a potion of haste {unknown}
 K - a potion of cancellation {unknown}
 L - 3 potions of resistance {unknown}
 O - a potion of might


   Skills:
 + Level 6.9 Fighting
 + Level 7.4 Throwing
 - Level 5.2 Dodging
 + Level 8.6 Unarmed Combat
 + Level 4.5 Invocations
 * Level 11.2 Shapeshifting


You had 11 spell levels left.
You didn't know any spells.
Your spell library contained the following spells:

 Spells                   Type           Power      Damage    Failure   Level
 Magic Dart               Conj           0%         1d3       52%         1
 Slow                     Hex            0%         N/A       52%         1
 Blink                    Tloc           0%         N/A       65%         2
 Call Imp                 Summ           0%         N/A       65%         2
 Cigotuvi's Dreadful Rot  Necr/Alch/Air  0%         N/A       65%         2
 Ensorcelled Hibernation  Hex/Ice        0%         N/A       65%         2
 Jinxbite                 Hex            0%         N/A       65%         2
 Lesser Beckoning         Tloc           0%         N/A       65%         2
 Sublimation of Blood     Necr           0%         N/A       65%         2
 Confusing Touch          Hex            0%         N/A       87%         3
 Fugue of the Fallen      Necr           0%         N/A       87%         3
 Gell's Gravitas          Tloc           0%         N/A       87%         3
 Ozocubu's Armour         Ice            0%         N/A       87%         3
 Passwall                 Erth           0%         N/A       87%         3
 Sigil of Binding         Hex            0%         N/A       87%         3
 Swiftness                Air            0%         N/A       87%         3
 Teleport Other           Tloc           0%         N/A       87%         3
 Tukima's Dance           Hex            0%         N/A       87%         3
 Vampiric Draining        Necr           0%         2d6       87%         3
 Dimensional Bullseye     Hex/Tloc       0%         N/A       99%         4
 Ignite Poison            Fire/Alch      0%         N/A       99%         4
 Iskenderun's Mystic Bla  Conj/Tloc      0%         2d3       99%         4
 Manifold Assault         Tloc           0%         N/A       99%         4
 Petrify                  Alch/Erth      0%         N/A       99%         4
 Freezing Cloud           Conj/Ice/Air   0%         6-21      100%        5
 Irradiate                Conj/Alch      0%         3d11      100%        5
 Summon Forest            Summ/Tloc      0%         N/A       100%        5
 Summon Mana Viper        Hex/Summ       0%         N/A       100%        5
 Yara's Violent Unravell  Hex/Alch       0%         3d3       100%        5
 Dispersal                Tloc           0%         N/A       100%        6
 Summon Cactus Giant      Summ           0%         N/A       100%        6
 Enfeeble                 Hex            0%         N/A       100%        7
 Malign Gateway           Summ/Tloc      0%         N/A       100%        7
 Summon Horrible Things   Summ           0%         N/A       100%        8


Dungeon Overview and Level Annotations

Branches:
Dungeon (12/15)            Temple (1/1) D:5            Lair (0/5) D:10
    Orc (0/2) D:10

Altars:
Ashenzari
Cheibriados
Dithmenos
Elyvilon
Fedhas
Gozag
Hepliaklqana
Kikubaaqudgha
Makhleb
Nemelex Xobeh
Okawaru
Qazlal
Ru
Sif Muna
Trog
Uskayaw
Vehumet
Wu Jian
Xom
Yredelemnul
Zin
The Shining One

Shops:
D:3 *([?(   D:10 (

Annotations:
D:6 1 transporter, aheadsounds's ghost, weakling FeDe
D:7 3 runed translucent doors, TheLasagnaBaron's ghost, novice MiBe; gosagan's ghost, novice DENe; jamsaran's ghost, novice DgAl; jasper's ghost, novice GrGl; pazhot's ghost, novice MDFi
D:12 Frances


Innate Abilities, Weirdness & Mutations

You are a hulking beast.
Your limbs bulge with bestial killing power. (Slay +4)
You are too large for most types of armour.
You have claws for hands.
Your natural rate of healing is unusually fast.
You are covered in fur. (AC +1)
You have tough skin. (AC +1)


Message History

The chaos spawn gores you but does no damage.
Your water elemental hits Frances.
You claw Frances!
Frances is moderately wounded.
Frances is asphyxiated!
Frances hits you with a +0 short sword!!
Your fire elemental hits Frances.
Your fire elemental burns Frances!
You claw Frances!
Frances is heavily wounded.
Frances is asphyxiated!
You block Frances's attack.
Your fire elemental barely misses Frances.
The chaos spawn barely misses you.
Your water elemental closely misses Frances.
Frances hits you with a +0 short sword.
You scratch Frances but do no damage.
Frances is heavily wounded.
Frances is asphyxiated!
Your water elemental disappears in a puff of smoke!
Your fire elemental closely misses Frances.
The chaos spawn gores you! The chaos spawn freezes you!
Frances hits you with a +0 short sword!!
* * * LOW HITPOINT WARNING * * *
You mangle Frances!! Your claw misses Frances.
Frances is severely wounded.
Your fire elemental hits Frances.
Your fire elemental burns Frances!
Frances mutters in a terrible tongue.
The chaos spawn is engulfed in blazing flames.
The chaos spawn tail-slaps you!
* * * LOW HITPOINT WARNING * * *
The chaos spawn freezes you!
* * * LOW HITPOINT WARNING * * *
You feel much better.
Your fire elemental hits Frances.
Your fire elemental burns Frances!
You block Frances's attack.
The chaos spawn is engulfed in blazing flames.
The chaos spawn releases spores at you but does no damage.
The sun demon barely misses your fire elemental.
Your fire elemental barely misses Frances.
Frances screams a word of power!
The iron shot hits you!!!
You die...

######################
......................
......................
.....................
....................
#....#....#.....########
.....#....#......°......
.....#....#....°h@......
.....#....#....§E4......
.....#....#.....3..3....
.....#....#.............
########################


You could see Frances (fast, ally target), a sun demon (summoned), a ynoxinul
(summoned), a chaos spawn (summoned) and a friendly fire elemental (summoned).

Vanquished Creatures
  Rupert (D:12)
  Erica (D:10)
  2 two-headed ogres
  A boulder beetle (D:12)
  2 deep elf pyromancers
  A manticore (D:11)
  2 gargoyles
  3 kobold demonologists (D:10)
  A komodo dragon (D:10)
  A troll (D:12)
  5 slime creatures
  Sigmund (D:4)
  A wraith (D:12)
  11 yaks
  A warg (D:10)
  A basilisk (D:11)
  Grum (D:8)
  12 vampire mosquitoes
  Menkaure (D:5)
  2 steam dragons
  Edmund (D:4)
  2 acid dragons
  A water moccasin (D:6)
  3 orc warriors
  2 sky beasts
  2 ogres
  2 centaurs
  6 wolves
  5 kobold brigands
  4 bullfrogs
  5 scorpions
  4 wights
  10 killer bees
  3 howler monkeys
  A bombardier beetle (D:4)
  5 hounds
  2 jellies (D:5)
  9 orc priests
  3 iguanas
  A sleepcap (D:8)
  16 orc wizards
  Terence (D:3)
  8 adders
  7 gnolls
  A shadow imp (D:8)
  A white imp (D:7)
  6 ufetubi
  2 ribbon worms
  2 dart slugs (D:2)
  47 orcs
  4 endoplasms
  3 giant cockroaches
  5 goblins
  7 hobgoblins
  A quokka (D:2)
  11 ball pythons
  5 bats
  5 frilled lizards
  31 kobolds
  A rat (D:2)
  A butterfly (D:9)
287 creatures vanquished.

Vanquished Creatures (others)
  An orc (D:7)
1 creature vanquished.

Grand Total: 288 creatures vanquished

Notes
Turn   | Place    | Note
-------+----------+-------------------------------------------
     0 | D:1      | anacleto the Troll Shapeshifter began the quest for the
                  | Orb.
     0 | D:1      | Reached XP level 1. HP: 18/18 MP: 0/0
   272 | D:1      | Reached skill level 1 in Fighting
   338 | D:1      | Reached XP level 2. HP: 27/27 MP: 1/1
   766 | D:2      | Reached XP level 3. HP: 33/33 MP: 2/2
   803 | D:2      | Found a shadowy altar of Dithmenos.
   873 | D:2      | Reached XP level 4. HP: 39/41 MP: 3/3
  1396 | D:3      | Found Avuer's Armour Shoppe.
  1429 | D:3      | Reached skill level 1 in Throwing
  1444 | D:3      | Reached skill level 4 in Shapeshifting
  1453 | D:3      | Reached XP level 5. HP: 46/49 MP: 4/4
  1511 | D:3      | Found a sacrificial altar of Ru.
  1515 | D:3      | Noticed Terence
  1527 | D:3      | Killed Terence
  1809 | D:3      | Found Poforiur's Magic Scroll Boutique.
  1815 | D:3      | Bought a scroll of identify for 20 gold pieces
  1815 | D:3      | Bought a scroll of vulnerability for 40 gold pieces
  1815 | D:3      | Bought a scroll of teleportation for 30 gold pieces
  1815 | D:3      | Bought a scroll of fear for 40 gold pieces
  1822 | D:3      | Found Jogib's Weapon Emporium.
  1976 | D:3      | Found Keships's Antique Weapon Shop.
  1980 | D:3      | Found an iron altar of Okawaru.
  2000 | D:3      | Found Haghon's Assorted Antiques.
  2004 | D:3      | Bought a scroll labelled OSTOILINUP for 21 gold pieces
  2359 | D:4      | Noticed an ogre
  2376 | D:4      | Killed an ogre
  2377 | D:4      | Reached XP level 6. HP: 57/57 MP: 5/5
  2555 | D:4      | Noticed Edmund
  2569 | D:4      | Killed Edmund
  2570 | D:4      | Reached skill level 5 in Shapeshifting
  2570 | D:4      | Reached XP level 7. HP: 66/66 MP: 6/6
  2802 | D:4      | Noticed Sigmund
  2810 | D:4      | Killed Sigmund
  2873 | D:4      | Found a snail-covered altar of Cheibriados.
  2967 | D:4      | Reached XP level 8. HP: 75/75 MP: 7/7
  3169 | D:5      | Entered Level 5 of the Dungeon
  3264 | D:5      | Reached skill level 6 in Shapeshifting
  3448 | D:5      | Reached skill level 5 in Unarmed Combat
  3475 | D:5      | Noticed Menkaure
  3482 | D:5      | Killed Menkaure
  3605 | D:5      | Found a staircase to the Ecumenical Temple.
  3640 | Temple   | Entered the Ecumenical Temple
  3652 | Temple   | Became a worshipper of Qazlal Stormbringer
  3755 | D:5      | Found a shimmering altar of Xom.
  3758 | D:5      | Found a shimmering altar of Xom.
  3871 | D:5      | Found a glowing silver altar of Zin.
  3932 | D:6      | Noticed aheadsounds's ghost (weakling FeDe)
  3932 | D:6      | Found a transporter.
  3935 | D:6      | Noticed a two-headed ogre
  3971 | D:6      | Found a hide-covered altar of Uskayaw.
  4969 | D:6      | Reached skill level 7 in Shapeshifting
  4969 | D:6      | Reached XP level 9. HP: 64/84 MP: 8/8
  5185 | D:6      | Reached * piety under Qazlal
  5296 | D:7      | Found a runed translucent gate.
  5297 | D:7      | Found a runed translucent gate.
  5298 | D:7      | Found a runed translucent gate.
  5298 | D:7      | Noticed pazhot's ghost (novice MDFi)
  5299 | D:7      | Noticed gosagan's ghost (novice DENe)
  5299 | D:7      | Noticed jasper's ghost (novice GrGl)
  5368 | D:7      | Identified the +5 trident of the Parsimonious God {speed,
                  | rElec rF+ rN+}
  5410 | D:7      | Noticed jamsaran's ghost (novice DgAl)
  5455 | D:7      | Noticed a two-headed ogre
  5455 | D:7      | Noticed a two-headed ogre
  5584 | D:7      | Noticed TheLasagnaBaron's ghost (novice MiBe)
  6196 | D:8      | Reached skill level 8 in Shapeshifting
  6243 | D:8      | Reached skill level 5 in Throwing
  6276 | D:7      | Reached ** piety under Qazlal
  6295 | D:8      | Reached skill level 5 in Dodging
  6357 | D:8      | Noticed Grum
  6365 | D:8      | Reached XP level 10. HP: 76/94 MP: 9/9
  6369 | D:8      | Killed Grum
  6370 | D:8      | Reached skill level 5 in Fighting
  6401 | D:8      | Found an ancient bone altar of Kikubaaqudgha.
  6520 | D:8      | Found an ornate altar of the Wu Jian Council.
  6610 | D:8      | Noticed a two-headed ogre
  6619 | D:8      | Killed a two-headed ogre
  6669 | D:8      | Found a sparkling altar of Nemelex Xobeh.
  6843 | D:8      | Noticed a gargoyle
  6975 | D:8      | Killed a gargoyle
  7007 | D:8      | Found a hazy altar of Hepliaklqana.
  7008 | D:8      | Found a faded altar of an unknown god.
  7047 | D:9      | Noticed a two-headed ogre
  7057 | D:9      | Killed a two-headed ogre
  7058 | D:9      | Reached skill level 1 in Invocations
  7058 | D:9      | Reached skill level 9 in Shapeshifting
  7345 | D:9      | Found a basalt altar of Yredelemnul.
  7518 | D:9      | Found a white marble altar of Elyvilon.
  7672 | D:10     | Entered Level 10 of the Dungeon
  7710 | D:10     | Found a broken altar of Ashenzari.
  7877 | D:10     | Paralysed by a chaos spawn for 1 turns
  8002 | D:10     | Reached *** piety under Qazlal
  8046 | D:10     | Noticed Erica
  8051 | D:10     | Found a staircase to the Lair.
  8058 | D:10     | Killed Erica
  8059 | D:10     | Reached XP level 11. HP: 46/105 MP: 11/11
  8140 | D:10     | Found a staircase to the Orcish Mines.
  8334 | D:10     | Found Woalew's Antique Weapon Shoppe.
  8393 | D:10     | Reached skill level 10 in Shapeshifting
  9579 | D:11     | Noticed a deep elf pyromancer
  9588 | D:11     | Killed a deep elf pyromancer
  9772 | D:12     | Noticed a boulder beetle
  9781 | D:12     | Killed a boulder beetle
  9914 | D:11     | Reached **** piety under Qazlal
 10165 | D:12     | Found the +5 Force Lance {heavy, knockback}
 10170 | D:12     | Noticed a deep elf pyromancer
 10180 | D:12     | Killed a deep elf pyromancer
 10181 | D:12     | Reached skill level 11 in Shapeshifting
 10414 | D:12     | Noticed Rupert
 10415 | D:12     | Paralysed by Rupert for 3 turns
 10431 | D:12     | Killed Rupert
 10432 | D:12     | Reached XP level 12. HP: 27/115 MP: 0/14
 10635 | D:12     | Noticed Frances
 10645 | D:12     | HP: 5/115 [chaos spawn[Frances] (15)]
 10646 | D:12     | Killed from afar by Frances

Illustrated notes

Levels and vault maps discovered:
D:1:      kennysheep_arrival_forest, layout_loops_ring
D:2:      cheibrodos_pilgrimage, layout_loops_ring, basic_altar
D:3:      layout_basic, mainiacjoe_overflow_alcove_1,
          mainiacjoe_overflow_tiny_flanked, serial_shops, shop,
          nicolae_shop_back_alley_shop, shop, nicolae_shop_tiny_statue_garden,
          nicolae_shop_trees, uniq_crazy_yiuf_cottage, uniq_terence
D:4:      minmay_general_purpose_star, layout_cave_pools,
          cheibrodos_worm_habitat, minmay_manual_monstrance, uniq_sigmund,
          uniq_edmund
D:5:      layout_rooms, xom_redecorated, zin_statuary,
          minmay_temple_entry_gardened_gates, corexii_leaking_fountain,
          corner_web_ring, minmay_fractal_squares_5, uniq_menkaure
D:6:      layout_loops_corners, mainiacjoe_overflow_surrounded_room,
          gammafunk_ghost_smash
D:7:      layout_loops_cross, gammafunk_ghost_cemetery, lightli_corner_chamber
D:8:      layout_cave_pools, mainiacjoe_overflow_cross_hatched,
          pdpol_wu_jian_five_deadly_venoms, beargit_hepliaklqana_dungeon_heroes,
          lemuel_coloured_pillars_altar, kennysheep_another_room, uniq_grum
D:9:      layout_loops_ring, yredelemnul_altar_generic,
          nicolae_elyvilon_peaceful_grove
D:10:     layout_stronghold, kennysheep_mini, lair_entry_dummy,
          minmay_orc_entry_guard_dogs, serial_shops, shop, uniq_erica
D:11:     layout_small_grid
D:12:     layout_grid_maze, uniq_azrael, uniq_frances, uniq_rupert
Temple:   nicolae_temple_ecumenical_triangle

Skill      XL: |  1  2  3  4  5  6  7  8  9 10 11 |
---------------+----------------------------------+-----
Fighting       | 1 2 3 4 5 6 |  6.9
Dodging        | 2 3 4 5 |  5.2
Throwing       | 1 2 3 4 5 6 7 |  7.4
Shapeshifting  | 4 5 7 8 9 11 | 11.2
Unarmed Combat | 4 5 6 7 8 |  8.6
Invocations    | 2 4 |  4.5

Action                     |  1- 3 |  4- 6 |  7- 9 | 10-12 || total
---------------------------+-------+-------+-------+-------++-------
  Melee: Unarmed           |    64 |   124 |   267 |   374 ||   829
         Punch             |     1 |     5 |     6 |    12 ||    24
  Throw: Boomerang         |       |       |    15 |    19 ||    34
         Dart              |       |       |       |    11 ||    11
 Invoke: Elemental Force   |       |       |       |     1 ||     1
Ability: Begin Untransform |       |       |     1 |     1 ||     2
  Evoke: Wand              |       |       |     2 |     7 ||     9
    Use: Scroll            |       |     3 |     7 |     4 ||    14
         Potion            |       |     2 |     2 |     6 ||    10
   Stab: Paralysed         |       |       |     5 |       ||     5
         Invisible         |       |       |       |     1 ||     1
 Armour: Animal skin       |    48 |    77 |   254 |   286 ||   665
         Skin              |       |    10 |       |    13 ||    23
         Acid dragon scale |       |       |       |    29 ||    29
  Dodge: Dodged            |    22 |    35 |   171 |   228 ||   456
         Repelled          |       |       |       |     2 ||     2
  Block: Other             |       |       |     5 |    62 ||    67
   Form: Beast             |       |       |     1 |     1 ||     2

Table legend: (Time is in decaauts)
 A = Elapsed time spent in this place.
 B = Non-inter-level travel time spent in this place.
 C = Inter-level travel time spent in this place.
 D = Time resting spent in this place.
 E = Time spent auto-exploring this place.
 F = Levels seen in this place.
 G = Mean time per level.
                   A        B        C        D        E       F      G
               +--------+--------+--------+--------+--------+-----+--------+
         Total |  10606 |  10262 |    344 |   1605 |   6249 |  13 |  815.8 |
       Dungeon |  10586 |  10242 |    344 |   1605 |   6249 |  12 |  882.2 |
        Temple |     19 |     19 |      0 |      0 |      0 |   1 |   19.0 |
               +--------+--------+--------+--------+--------+-----+--------+

Top non-repeatable levels by time:
     D:6: 1288 daAuts
    D:10: 1277 daAuts
     D:7: 1000 daAuts
    D:11: 976 daAuts
     D:3: 963 daAuts
     D:4: 909 daAuts
     D:8: 809 daAuts
     D:5: 739 daAuts
    D:12: 699 daAuts
     D:2: 653 daAuts
     D:9: 635 daAuts
     D:1: 632 daAuts
  Temple: 19 daAuts
